AoeStats
← qLau

Arabia

510849144Analyzed
1v1 RM · 21h ago on Oct 2, 2026· 39m 38s· 2 players
Game mode
Random Map
Map size
Tiny (2 player)
Population
200
Speed
Normal
Resources
Standard
Victory
Conquest
Starting age
Dark Age
Ending age
Imperial Age
RankedLock teamsTeams togetherTeam positionsShared explorationLock speedFull tech treeHidden civsTurbo modeCheats
Victory
Defeat
🇷🇴 Vietnamese · Romania
907
+16
🇩🇪 Mongols · Germany
917
-16
qLau
3:47 Loom
9:49 Feudal Age
11:07 Double-Bit Axe
12:33 Wheelbarrow
12:47 Horse Collar
15:33 Fletching
17:25 Padded Archer Armor
17:36 Forging
17:33 Gold Mining
20:00 Stone Mining
22:18 Castle Age
21:45 Scale Mail Armor
23:02 Squires
23:19 Heavy Plow
23:32 Bow Saw
25:07 Bodkin Arrow
25:37 Leather Archer Armor
26:18 Hand Cart
27:56 Arson
31:29 Forging
35:49 Imperial Age
37:22 Bracer
37:52 Ring Archer Armor
37:47 Ballistics
39:24 Two-Man Saw
39:10 Elite Rattan Archer
Richard der Schlächter
6:02 Loom
8:56 Feudal Age
9:40 Double-Bit Axe
15:44 Wheelbarrow
18:48 Castle Age
18:27 Scale Barding Armor
20:05 Fletching
23:13 Bloodlines
23:18 Forging
23:12 Horse Collar
24:14 Bow Saw
26:22 Chain Barding Armor
26:17 Stone Mining
28:45 Iron Casting
29:37 Hand Cart
30:26 Bodkin Arrow
33:33 Gold Mining
33:50 Padded Archer Armor
34:04 Thumb Ring
34:53 Gold Shaft Mining
36:10 Leather Archer Armor
35:39 Elite Skirmisher
40:29 Imperial Age
42:25 Imperial Age
Connection lost

Rejoining the realm…

Still unreachable

The connection could not be restored.

Session expired

The server has moved on; the page needs a fresh start.